AoeStats
← iM 我要打十个

Arena

506797180Analyzed
1v1 RM · 18d ago on Sep 15, 2026· 41m 32s· 2 players
Game mode
Random Map
Map size
Tiny (2 player)
Population
200
Speed
Normal
Resources
Standard
Victory
Conquest
Starting age
Dark Age
Ending age
Imperial Age
RankedLock teamsTeams togetherTeam positionsShared explorationLock speedFull tech treeHidden civsTurbo modeCheats
Victory
Defeat
🇲🇽 Byzantines · Mexico
1013
+15
🇨🇳 Wu · China
1002
-15
iM 我要打十个
0:38 Loom
2:03 Loom
2:34 Loom
3:27 Loom
5:20 Loom
11:17 Feudal Age
16:09 Castle Age
14:06 Double-Bit Axe
17:13 Horse Collar
17:44 Bow Saw
23:59 Fletching
29:56 Wheelbarrow
33:16 Imperial Age
31:02 Horse Collar
32:28 Heavy Plow
33:07 Red Cliffs Tactics
34:01 Ballistics
34:16 Bloodlines
34:41 Conscription
36:37 Two-Man Saw
36:01 Husbandry
36:33 Bloodlines
35:44 Heavy Hei Guang Cavalry
36:28 Onager
39:01 Chemistry
37:56 Murder Holes
38:15 Heavy Hei Guang Cavalry
38:55 Husbandry
39:06 Bloodlines
39:24 Bodkin Arrow
[Olmecos]-Patua
11:26 Feudal Age
15:04 Castle Age
21:54 Loom
24:58 Gold Mining
26:20 Double-Bit Axe
26:17 Horse Collar
28:25 Elite Skirmisher
29:12 Thumb Ring
28:59 Fletching
31:47 Imperial Age
29:46 Bow Saw
31:07 Wheelbarrow
31:12 Forging
31:00 Bodkin Arrow
34:02 Heavy Plow
35:05 Two-Man Saw
34:39 Elite Cataphract
36:33 Conscription
35:45 Pikeman
36:12 Gambesons
37:20 Iron Casting
36:46 Scale Mail Armor
36:24 Halberdier
37:38 Scale Barding Armor
38:08 Hand Cart
38:17 Padded Archer Armor
40:34 Crop Rotation
40:45 Squires
41:06 Chain Mail Armor
41:13 Chain Barding Armor
42:18 Plate Mail Armor
42:32 Gold Shaft Mining
41:53 Stone Mining
Connection lost

Rejoining the realm…

Still unreachable

The connection could not be restored.

Session expired

The server has moved on; the page needs a fresh start.